 Dungeon Crawl Stone Soup version 0.29-a0-834-g1e95ca9f62 (webtiles) character file.

Game seed: 10360178536542410033

233 purpskrrrp the Sneak (level 6, -8/28 HPs)
             Began as a Vine Stalker Enchanter on July 13, 2022.
             Mangled by Menkaure (16 damage)
             ... on level 4 of the Dungeon.
             The game lasted 00:12:16 (4073 turns).

purpskrrrp the Sneak (Vine Stalker Enchanter)       Turns: 4073, Time: 00:12:17

Health: -8/28      AC:  3    Str: 15    XL:     6   Next: 5%
Magic:  0/10       EV: 10    Int: 15    God:
Gold:   197        SH: 10    Dex: 17    Spells: 6/9 levels left

rFire   + . .      SeeInvis .   o - +2 short sword (flame)
rCold   . . .      Faith    .   s - +2 kite shield
rNeg    + . .      Spirit   +   f - +1 robe of the Past {Str+5}
rPois   .          Reflect  .   (no helmet)
rElec   +          Harm     .   (no cloak)
rCorr   .          Rampage  .   (no gloves)
Will    .....                   (no boots)
Stlth   ++++......              (no amulet)
HPRegen 0.89/turn               w - ring "Ibusch" {rElec rF+ rN+ Stlth+}
MPRegen 0.12/turn               (no ring)

@: no status effects
A: fangs 2, regeneration 1, magic shield, antimagic bite, no potion heal 2
a: no special abilities


You were on level 4 of the Dungeon.
You visited 1 branch of the dungeon, and saw 4 of its levels.

You collected 197 gold pieces.

Inventory:

Hand Weapons
 a - a +1 dagger
 m - a +2 short sword of draining
 o - a +2 short sword of flaming (weapon)
Missiles
 v - 16 poisoned darts
Armour
 b - a +0 robe
 f - the +1 robe of the Past (worn) {Str+5}
   (You found it on level 3 of the Dungeon)

   Str:       It affects your strength (+5).
 n - an orb of energy
 s - a +2 kite shield (worn)
Jewellery
 w - the ring "Ibusch" (left hand) {rElec rF+ rN+ Stlth+}
   (You found it on level 4 of the Dungeon)

   [ring of positive energy]

   rF:        It protects you from fire.
   rElec:     It insulates you from electricity.
   rN:        It protects you from negative energy.
   Stlth:     It makes you more stealthy.
Wands
 e - a wand of iceblast (4)
 p - a wand of polymorph (5)
 r - a wand of quicksilver (9) (quivered)
Scrolls
 d - 2 scrolls of vulnerability
 h - 2 scrolls of teleportation
 u - a scroll of noise {unknown}
Potions
 c - 2 potions of invisibility
 g - a potion of attraction
 i - a potion of curing {unknown}
 j - a potion of heal wounds
 k - a potion of resistance {unknown}
 l - 2 potions of might
 q - 2 potions of brilliance {unknown}
 t - a potion of flight {unknown}


   Skills:
 + Level 0.2 Fighting
 * Level 2.7 Short Blades
 + Level 2.0 Dodging
 * Level 5.8 Stealth
 + Level 0.3 Shields
 + Level 2.4 Spellcasting
 * Level 3.5 Hexes
 * Level 1.4 Evocations


You had 6 spell levels left.
You knew the following spells:

 Your Spells              Type           Power      Damage    Failure   Level
a - Dazzling Flash        Conj/Hex       14%        N/A       73%         3

Your spell library contained the following spells:

 Spells                   Type           Power      Damage    Failure   Level
 Confusing Touch          Hex            12%        N/A       47%         3
 Tukima's Dance           Hex            12%        N/A       47%         3
 Ensorcelled Hibernation  Hex/Ice        14%        N/A       50%         2
 Shock                    Conj/Air       4%         1d3       58%         1
 Swiftness                Air            1%         N/A       92%         3
 Airstrike                Air            0%         0-2+      100%        4


Dungeon Overview and Level Annotations

Branches:
Dungeon (4/15)
 Temple: D:4-7

Altars:
Sif Muna

Annotations:
D:4 Menkaure


Innate Abilities, Weirdness & Mutations

You have extremely sharp teeth.
Your natural rate of healing is unusually fast.
When hurt, damage is shared between your health and your magic reserves.
Your bite disrupts and absorbs the magic of your enemies.
Potions cannot restore your health.


Message History

Found a rapier.
No target in view!
No target in view!
h - 2 scrolls of teleportation (gained 1)
You now have 197 gold pieces (gained 10).
Menkaure, Prince of Dust comes into view.
Your +2 short sword of flaming bursts into flame!
o - a +2 short sword of flaming (weapon)
You block Menkaure's attack.
You barely miss Menkaure. You bite Menkaure, but do no damage.
Menkaure hits you.
You barely miss Menkaure. Menkaure hits you!
You hit Menkaure. You burn Menkaure. Your bite misses Menkaure.
Menkaure is lightly damaged.
You block Menkaure's attack.
You barely miss Menkaure.
Menkaure is lightly damaged.
Menkaure closely misses you.
You hit Menkaure. You burn Menkaure.
Menkaure is moderately damaged.
Menkaure casts a spell.
Menkaure seems to speed up.
You barely miss Menkaure. You bite Menkaure.
Menkaure's magic leaks into the air.
You drain his magic.
You feel invigorated.
Menkaure is heavily damaged.
Menkaure falters for a moment.
You hit Menkaure. You burn Menkaure. You bite Menkaure, but do no damage.
Menkaure is heavily damaged.
Menkaure closely misses you.
You barely miss Menkaure. You bite Menkaure, but do no damage.
Menkaure is heavily damaged.
Menkaure closely misses you. Menkaure hits you!!
Ouch! That really hurt!
* * * LOW HITPOINT WARNING * * *
You are too injured to fight recklessly!
You hit Menkaure. You burn Menkaure.
Menkaure is heavily damaged.
Menkaure hits you!!
Ouch! That really hurt!
You die...

#.#######.##
#....## ..#.#
#...... #.#.#
#....## ##
#.#.# #....'.
...###.#.#
#....##
.....#.# #....#
...#.#######
#....#
##.#.##..M.#
###.##
#.....#.@..##
#.
#...........#
#.
#...........#
#.
#...........#
#.
##.#.#........
#.#.#..?......
#.#.#...)......
#.#...####.....
.#### ...


You could see Menkaure (fast, magic disrupted).

Vanquished Creatures
  Crazy Yiuf (D:2)
  Natasha (thrice) (D:3)
  7 adders
  A worm (D:2)
  A dart slug (D:2)
  6 ball pythons
  4 bats
  6 endoplasms
  3 giant cockroaches
  2 goblins
  5 hobgoblins (D:1)
  8 jackals
  3 quokkas (D:1)
  4 frilled lizards
  8 kobolds
  2 rats
64 creatures vanquished.

Notes
Turn   | Place    | Note
-------+----------+-------------------------------------------
     0 | D:1      | purpskrrrp the Vine Stalker Enchanter began the quest for
                  | the Orb.
     0 | D:1      | Reached XP level 1. HP: 9/9 MP: 4/4
   326 | D:1      | Reached skill level 4 in Stealth
   406 | D:1      | Reached XP level 2. HP: 13/13 MP: 6/6
   471 | D:1      | Found a faded altar of an unknown god.
   913 | D:1      | Reached skill level 1 in Short Blades
  1033 | D:2      | Reached XP level 3. HP: 16/16 MP: 7/7
  1055 | D:2      | Learned a level 3 spell: Dazzling Flash
  1351 | D:2      | Found a runed translucent door.
  1352 | D:2      | Noticed Crazy Yiuf
  1562 | D:2      | Gained mutation: Your natural rate of healing is unusually
                  | fast. [Vine Stalker growth]
  1562 | D:2      | Reached XP level 4. HP: 21/21 MP: 8/8
  1637 | D:2      | Reached skill level 5 in Stealth
  2021 | D:2      | Killed Crazy Yiuf
  2022 | D:2      | Reached skill level 1 in Evocations
  2022 | D:2      | Reached XP level 5. HP: 24/24 MP: 9/9
  2051 | D:3      | Found a shimmering blue altar of Sif Muna.
  2052 | D:3      | Identified the +1 robe of the Past {Str+5}
  2756 | D:3      | Noticed Natasha
  2765 | D:3      | Killed Natasha
  2952 | D:3      | Noticed Natasha
  2961 | D:3      | Killed Natasha
  3842 | D:3      | Noticed Natasha
  3848 | D:3      | Killed Natasha
  3849 | D:3      | Reached XP level 6. HP: 28/28 MP: 8/10
  3887 | D:4      | Identified the ring "Ibusch" {rElec rF+ rN+ Stlth+}
  4059 | D:4      | Noticed Menkaure
  4073 | D:4      | Mangled by Menkaure

Illustrated notes

Levels and vault maps discovered:
D:1:      dpeg_arrival_simpleton_c, layout_loops_cross,
          hellmonk_ecumenical_altar_inner_sanctum
D:2:      minmay_wonky_spiral, layout_loops_cross, minmay_between,
          uniq_crazy_yiuf_cottage
D:3:      layout_loops_ring, amcnicky_altar_gilded, uniq_natasha
D:4:      layout_basic, minivault_5, uniq_menkaure, uniq_ijyb

Skill      XL: |  1  2  3  4  5 |
---------------+----------------+-----
Stealth        | 4 5 |  5.8
Short Blades   | 1 2 |  2.7
Evocations     | 1 |  1.4
Dodging        | 2 |  2.0
Fighting       | |  0.2
Shields        | |  0.3
Spellcasting   | |  2.4
Hexes          | |  3.5

Action                   |  1- 3 |  4- 6 || total
-------------------------+-------+-------++-------
Melee: Dagger            |    45 |       ||    45
       Bite              |    17 |    12 ||    29
       Short sword       |    30 |    75 ||   105
       Punch             |     1 |       ||     1
Evoke: Wand              |       |     2 ||     2
  Use: Scroll            |       |    11 ||    11
 Stab: Sleeping          |    11 |     5 ||    16
Armor: Robe              |     5 |    10 ||    15
Dodge: Dodged            |    37 |    37 ||    74
Block: Kite shield       |       |    27 ||    27

Table legend: (Time is in decaauts)
 A = Elapsed time spent in this place.
 B = Non-inter-level travel time spent in this place.
 C = Inter-level travel time spent in this place.
 D = Time resting spent in this place.
 E = Time spent auto-exploring this place.
 F = Levels seen in this place.
 G = Mean time per level.
                   A        B        C        D        E       F      G
               +--------+--------+--------+--------+--------+-----+--------+
         Total |   4100 |   3499 |    601 |    355 |   2502 |   4 | 1025.0 |
       Dungeon |   4100 |   3499 |    601 |    355 |   2502 |   4 | 1025.0 |
               +--------+--------+--------+--------+--------+-----+--------+

Top non-repeatable levels by time:
     D:3: 1856 daAuts
     D:2: 1095 daAuts
     D:1: 948 daAuts
     D:4: 200 daAuts
